 Dungeon Crawl Stone Soup version 0.18.1-6-gd335043 (webtiles) character file.

60 HeyPeaces the Skirmisher (level 3, -8/34 HPs)
             Began as a Minotaur Berserker on May 17, 2016.
             Was a Follower of Trog.
             Mangled by Sigmund
             ... wielding a cursed -1 scythe
              (10 damage)
             ... on level 2 of the Dungeon.
             The game lasted 00:10:36 (1968 turns).

HeyPeaces the Skirmisher (Minotaur Berserker)       Turns: 1968, Time: 00:10:37

Health: -8/34      AC:  0    Str: 22    XL:     3   Next: 82%
Magic:  2/2        EV: 19    Int:  4    God:    Trog [*.....]
Gold:   91         SH:  0    Dex:  9    Spells: 0 memorised, 2 levels left

rFire  . . .     SeeInvis .       - Unarmed
rCold  . . .     Gourm    .     (armour currently unavailable)
rNeg   . . .     Faith    .     (shield currently unavailable)
rPois  .         Spirit   .     (helmet currently unavailable)
rElec  .         Dismiss  .     (cloak currently unavailable)
rCorr  .         Reflect  .     (gloves currently unavailable)
SustAt .         Harm     .     (boots currently unavailable)
MR     .....                    (amulet currently unavailable)
Stlth  +.........               (ring currently unavailable)
                                (ring currently unavailable)

@: confused, exhausted, porcupine-form (expiring), slowed, slow, not resistant
to hostile enchantments, very unstealthy
A: (retaliatory headbutt), (horns 0)
a: Berserk, Burn Spellbooks, Renounce Religion


You were on level 2 of the Dungeon.
You worshipped Trog.
Trog was aware of your devotion.
You were not hungry.
You were a spiny porcupine.
You visited 1 branch of the dungeon, and saw 2 of its levels.

You collected 91 gold pieces.

Inventory:

Hand Weapons
 a - a +0 mace (melded)
Armour
 b - a +0 animal skin
 e - a +0 leather armour (melded)
Jewellery
 d - a cursed ring of loudness (melded)
Comestibles
 c - a bread ration


   Skills:
 + Level 4.6 Fighting
 + Level 4.3 Maces & Flails
 * Level 2.7 Armour
 + Level 2.5 Dodging
 * Level 1.0 Unarmed Combat


You had 2 spell levels left.
You didn't know any spells.

Dungeon Overview and Level Annotations

Branches:
Dungeon (2/15)

Altars:
Kikubaaqudgha

Annotations:
D:2 Sigmund


Innate Abilities, Weirdness & Mutations

((You reflexively headbutt those who attack you in melee.))
((You have a pair of horns on your head.))


Message History

The gnoll is struck by your spines.
You kill the gnoll!
Trog accepts your kill.
Your Unarmed Combat skill increases to level 1!
Your transformation is almost over.
A puff of flame appears from out of thin air!
The puff of flame misses you.
You are confused.
You hear a zap.
Something tries to affect you, but you resist.
Found a chain mail.
Something barely misses you.
A magic dart appears from out of thin air!
The magic dart hits you!
* * * LOW HITPOINT WARNING * * *
The gnoll completely misses you.
The gnoll hits you from afar with a spear!
* * * LOW HITPOINT WARNING * * *
Something hits you!
You die...

#.##..............
#######.######......)...
........>.....<.........
#.#####..#####..........
#..# #..######## #..#
#..#.......
#.#####..#####..##)._..#
#..............(P.......
######r.......P.P......
.........g######...###.P
#...................#..P
#..######.######P.....PP
#[ #)#######.P....P
#.#.@..g....P...
###.#.#####)......
#......# ##.......
#......# #........


You could see a gnoll.

Vanquished Creatures
  2 gnolls (D:2)
  An adder (D:2)
  2 worms (D:2)
  A giant gecko (D:2)
  5 goblins
  5 hobgoblins
  3 kobolds
  A quokka (D:2)
  A bat (D:2)
  A giant newt (D:1)
  5 rats
27 creatures vanquished.

Notes
Turn   | Place    | Note
--------------------------------------------------------------
     0 | D:1      | HeyPeaces the Minotaur Berserker began the quest for the Orb.
     0 | D:1      | Reached XP level 1. HP: 19/19 MP: 0/0
   433 | D:1      | Reached XP level 2. HP: 15/27 MP: 1/1
  1557 | D:2      | Reached XP level 3. HP: 31/34 MP: 2/2
  1688 | D:2      | Found an ancient bone altar of Kikubaaqudgha.
  1928 | D:2      | Noticed Sigmund
  1959 | D:2      | Reached skill level 1 in Unarmed Combat
  1968 | D:2      | Mangled by Sigmund

Skill      XL: |  1  2  3 |
---------------+----------+-----
Maces & Flails | 4 |  4.3
Fighting       | 4 |  4.6
Unarmed Combat | 1 |  1.0
Armour         | |  2.7
Dodging        | |  2.5

Action                   || total
-------------------------++-------
Melee: Mace              ||    66
       Headbutt          ||    19
Invok: Berserk           ||     1
  Use: Scroll            ||     6
       Potion            ||     3
  Eat: Bread ration      ||     1
Armor: Animal skin       ||     4
       Leather armour    ||     5
Dodge: Dodged            ||    40
